 Dungeon Crawl Stone Soup version 0.32-a0-876-gcfddb08e57 (webtiles) character file.

Game seed: 6140629787122136791

773 Fractals the Gusty (level 7, -1/59 HPs)
             Began as a Purple Draconian Wanderer on Mar 31, 2024.
             Was an Initiate of Lugonu.
             Slain by a vampire mosquito (7 damage)
             ... on level 5 of the Dungeon.
             The game lasted 00:14:51 (4911 turns).

Fractals the Gusty (Purple Draconian Wanderer)      Turns: 4911, Time: 00:14:51

Health: -1/59      AC:  8    Str: 15    XL:     7   Next: 53%
Magic:  11/13      EV:  9    Int: 20    God:    Lugonu [......]
Gold:   306        SH:  5    Dex: 16    Spells: 11/14 levels left

rFire   . . .        e - +1 short sword
rCold   . . .        c - +0 buckler
rNeg    . . .        (body armour unavailable)
rPois   .            (helmet restricted)
rElec   .            (no cloak)
rCorr   .            f - +0 pair of gloves "Tihougu" {Slay+2}
SInv    .            n - +0 pair of boots
Will    +....        (no amulet)
Stlth   +            d - +6 ring of dexterity
HPRegen 0.29/turn    h - +6 ring of intelligence
MPRegen 0.13/turn

%: no passive effects
@: no status effects
A: nullifying breath, AC +6, unfitting armour, cold-blooded
a: Nullifying Breath, Renounce Religion


You were on level 5 of the Dungeon.
You worshipped Lugonu.
Lugonu was noncommittal.
You visited 2 branches of the dungeon, and saw 6 of its levels.

You collected 306 gold pieces.

Inventory:

Hand Weapons
 e - a +1 short sword (weapon)
Armour
 c - a +0 buckler (worn)
 f - the +0 pair of gloves "Tihougu" (worn) {Slay+2}
   (You acquired it on level 5 of the Dungeon)

   Slay+2:    It affects your accuracy & damage with ranged weapons and melee
   (+2).
 n - a +0 pair of boots (worn)
Magical Staves
 g - a staff of earth
Jewellery
 d - a +6 ring of dexterity (left hand)
 h - a +6 ring of intelligence (right hand)
 o - a +5 ring of evasion
 s - a ring of ice
 t - a ring of poison resistance
Scrolls
 a - 3 scrolls of identify
 b - 6 scrolls of teleportation
 i - a scroll of poison {unknown}
 j - a scroll of butterflies {unknown}
 k - a scroll of enchant weapon
 m - a scroll of revelation {unknown}
 p - a scroll of amnesia {unknown}
 u - a scroll of blinking {unknown}
Potions
 q - a potion of degeneration {unknown}
 r - a potion of magic {unknown}
 v - a potion of lignification {unknown}


   Skills:
 - Level 4.0 Fighting
 - Level 4.0 Shields
 - Level 4.0 Spellcasting
 + Level 4.1 Conjurations
 + Level 5.7 Air Magic
 - Level 1.0 Invocations


You had 11 spell levels left.
You knew the following spells:

 Your Spells              Type           Power      Damage    Failure   Level
a - Shock                 Conj/Air       92%        1d8       2%          1
b - Static Discharge      Conj/Air       46%        3-5/arc   3%          2

Your spell library contained the following spells:

 Spells                   Type           Power      Damage    Failure   Level
 Searing Ray              Conj           40%        2d5       4%          2
 Cigotuvi's Dreadful Rot  Necr/Alch/Air  22%        N/A       11%         2
 Call Canine Familiar     Summ           4%         N/A       43%         3
 Sigil of Binding         Hex            4%         N/A       43%         3
 Dimensional Bullseye     Hex/Tloc       2%         N/A       85%         4


Dungeon Overview and Level Annotations

Branches:
Dungeon (5/15)             Temple (1/1) D:5

Altars:
Ashenzari
Dithmenos
Hepliaklqana
Nemelex Xobeh
Qazlal
Sif Muna
Uskayaw
Vehumet
Lugonu

Shops:
D:4 =


Innate Abilities, Weirdness & Mutations

You can breathe blasts of antimagic.
Your rich purple scales are hard. (AC +6)
You cannot fit into any form of body armour.
You are cold-blooded and may be slowed by cold attacks.


Message History

You miss the vampire mosquito.
The vampire mosquito is heavily damaged.
The vampire mosquito barely misses you. The vampire mosquito bites you.
* * * LOW HITPOINT WARNING * * *
The vampire mosquito draws strength from your injuries!
Unknown command.
You barely miss the vampire mosquito. You tail-slap the vampire mosquito.
The vampire mosquito is severely damaged.
The vampire mosquito barely misses you.
The vampire mosquito bites you but does no damage.
You miss the vampire mosquito.
The vampire mosquito is severely damaged.
The vampire mosquito bites you.
* * * LOW HITPOINT WARNING * * *
The vampire mosquito draws strength from your injuries!
The vampire mosquito closely misses you.
It was a potion of curing.
You feel better. The vampire mosquito barely misses you.
The vampire mosquito bites you but does no damage.
You hit the vampire mosquito but do no damage.
Your tail-slap misses the vampire mosquito.
The vampire mosquito is heavily damaged.
The vampire mosquito misses you. The vampire mosquito bites you.
* * * LOW HITPOINT WARNING * * *
The vampire mosquito draws strength from your injuries!
You hit the vampire mosquito.
The vampire mosquito is severely damaged.
The vampire mosquito bites you but does no damage.
The vampire mosquito barely misses you.
You closely miss the vampire mosquito.
The vampire mosquito is severely damaged.
You block the vampire mosquito's attack.
The vampire mosquito bites you.
* * * LOW HITPOINT WARNING * * *
The vampire mosquito draws strength from your injuries!
You closely miss the vampire mosquito.
Your tail-slap misses the vampire mosquito.
The vampire mosquito is heavily damaged.
The vampire mosquito bites you!
You die...

#..........#†#.#.#>..#
#..............#.#.###
#.#..........#.#.#.#
#.#..##......#.#.#.####
#.#..##........#.#....#
#.#..###.###.#.#.###.##
#.#......# #.#.#.#.#.#
#.#.########...#y#...#
#.#...........##@#.###
....#######...##.#.#
.................#.#
....#..............#
#.#.#.###...########
#.#.#.###.###
....#.##..# ....#.##.##
....#.##.#


You could see a vampire mosquito.

Vanquished Creatures
  Sigmund (D:2)
  An ice beast (D:5)
  A black bear (D:5)
  A scorpion (D:4)
  A howler monkey (D:4)
  A bombardier beetle (D:4)
  2 hounds
  An orc priest (D:5)
  An iguana (D:4)
  An orc wizard (D:5)
  5 adders
  2 shadow imps (D:5)
  2 white imps (D:5)
  4 ufetubi (D:5)
  2 dart slugs (D:1)
  An orc (D:5)
  6 ball pythons
  5 bats
  7 endoplasms
  6 giant cockroaches
  9 goblins
  11 hobgoblins
  2 jackals (D:5)
  4 quokkas
  6 frilled lizards
  8 kobolds
  8 rats
99 creatures vanquished.

Notes
Turn   | Place    | Note
-------+----------+-------------------------------------------
     0 | D:1      | Fractals the Draconian Wanderer began the quest for the
                  | Orb.
     0 | D:1      | Fractals set off with the following items: a +0 club, a
                  | scroll of teleportation, a +0 buckler; and the following
                  | spell memorised: Shock; and the following spells available
                  | to memorise: Static Discharge, Searing Ray, Cigotuvi's
                  | Dreadful Rot.
     0 | D:1      | Reached XP level 1. HP: 14/14 MP: 2/2
   418 | D:1      | Reached skill level 1 in Fighting
   465 | D:1      | Reached XP level 2. HP: 23/23 MP: 0/3
   801 | D:1      | Reached XP level 3. HP: 29/29 MP: 4/4
   828 | D:1      | You fall into a shaft and drop 1 floor!
  1180 | D:2      | Noticed Sigmund
  1318 | D:2      | Killed Sigmund
  1319 | D:2      | Reached XP level 4. HP: 38/38 MP: 1/8
  1319 | D:2      | Reached XP level 5. HP: 45/45 MP: 1/9
  1492 | D:2      | Learned a level 2 spell: Static Discharge
  2206 | D:3      | Found a faded altar of an unknown god.
  2639 | D:4      | Reached XP level 6. HP: 25/51 MP: 5/10
  3210 | D:4      | Found Eskicu's One-of-a-Kind Rings.
  3542 | D:4      | Found a stormy altar of Qazlal.
  3745 | D:4      | Reached skill level 5 in Air Magic
  3880 | D:5      | Entered Level 5 of the Dungeon
  3881 | D:5      | Identified a scroll of acquirement
  3881 | D:5      | Acquired the +0 pair of gloves "Tihougu" {Slay+2}
  4108 | D:5      | Your scales start taking on a rich purple colour.
  4108 | D:5      | Reached XP level 7. HP: 48/58 MP: 11/13
  4533 | D:5      | Found a staircase to the Ecumenical Temple.
  4620 | Temple   | Entered the Ecumenical Temple
  4634 | Temple   | Became a worshipper of Lugonu the Unformed
  4884 | D:5      | Noticed a vampire mosquito
  4911 | D:5      | Slain by a vampire mosquito

Illustrated notes

Levels and vault maps discovered:
D:1:      minmay_arrival_doors, layout_basic
D:2:      layout_basic, minmay_circle_x, uniq_sigmund
D:3:      layout_rooms, hellmonk_ecumenical_altar_slurped_away,
          chequers_mini_garden, minmay_hedge_maze
D:4:      minmay_diamond_boxcup, layout_gridville, lemuel_tele_altar,
          nicolae_shop_unique_rings
D:5:      layout_basic, minmay_temple_entry_glass, serial_demonic,
          serial_demonic_a, serial_demonic_b, serial_demonic_b, serial_demonic_d
Temple:   corrupted_temple

Skill      XL: |  1  2  3  4  5  6  7 |
---------------+----------------------+-----
Fighting       | 1 2 3 4 |  4.0
Shields        | 4 |  4.0
Spellcasting   | 2 3 4 |  4.0
Conjurations   | 3 4 |  4.1
Air Magic      | 5 |  5.7
Invocations    | |  1.0

Action                     |  1- 3 |  4- 6 |  7- 9 || total
---------------------------+-------+-------+-------++-------
  Melee: Club              |    14 |       |       ||    14
         Short sword       |    88 |   130 |    63 ||   281
         Tailslap          |    17 |    18 |     8 ||    43
   Cast: Shock             |    26 |    27 |     7 ||    60
         Static Discharge  |       |     7 |     4 ||    11
    Use: Scroll            |     2 |     3 |       ||     5
         Potion            |     1 |     1 |     1 ||     3
   Stab: Sleeping          |       |     3 |     1 ||     4
 Armour: Skin              |    50 |    90 |    70 ||   210
  Dodge: Dodged            |    47 |    62 |    39 ||   148
  Block: Buckler           |    20 |    26 |    16 ||    62

Table legend: (Time is in decaauts)
 A = Elapsed time spent in this place.
 B = Non-inter-level travel time spent in this place.
 C = Inter-level travel time spent in this place.
 D = Time resting spent in this place.
 E = Time spent auto-exploring this place.
 F = Levels seen in this place.
 G = Mean time per level.
                   A        B        C        D        E       F      G
               +--------+--------+--------+--------+--------+-----+--------+
         Total |   4930 |   4787 |    143 |    939 |   2648 |   6 |  821.7 |
       Dungeon |   4901 |   4772 |    129 |    939 |   2648 |   5 |  980.2 |
        Temple |     28 |     14 |     14 |      0 |      0 |   1 |   28.0 |
               +--------+--------+--------+--------+--------+-----+--------+

Top non-repeatable levels by time:
     D:4: 1065 daAuts
     D:5: 1008 daAuts
     D:3: 960 daAuts
     D:1: 936 daAuts
     D:2: 931 daAuts
  Temple: 28 daAuts
